cohdb
Replays
Latest Replays
All Replays
Popular Replays
Top Player Replays
Match Explorer
How It Works
Community
CoH3 Stats
Reddit
Sign in to upload your games and track your stats! →
Sign in with Steam
Match 47185253
Unlisted
Match 47185253
Overview
Messages
Build Orders
End
Vickers Machine Gun Team
Construct Section Command Post
Selects Heavy Armor Battlegroup
Infantry Section
Infantry Section
Infantry Section
Construct Field Infirmary
Selects Engineer Detachments
Royal Engineer Section
Grenade Package
Construct Platoon Command Post
Humber Armored Car
Unlock Bishop Self-propelled Artillery
Selects Forward Repair Assembly
Bishop Self-propelled Artillery
Bishop Self-propelled Artillery
Infantry Training
Construct Company Command Post
Royal Engineer Section
Crusader II Medium Tank
Crusader II Medium Tank
sirlobin
ldn2333
김치워리어
MeleeKeeper
tulio AIKIDOKA tulio
MrSnooze
୧ ⍤⃝୨
Frog
0
0
Comments
sign in to comment!
No comments posted yet!